Map: Last Fantasy LE

Players

WerderJens

  • Race: Protoss Protoss
  • League: Gold
  • Spawn Location: 3:00

Sindyr - Winner!

  • Race: Protoss Protoss
  • League: Master
  • Spawn Location: 12:00

VOD

Have the link to the VOD?

Description

Time

  • Played on: Oct. 20, 2025, 12:06 p.m.
  • Length: 9:15
Show
View Real Time Build Order
Export as new Build Order

WerderJens Protoss 

Build Orders: Proxy Void Ray 

Get SALT Encoding   

  1  0:00  Probe  
  13  0:13  Probe  
  13  0:16  Pylon  
  14  0:24  Probe  
  15  0:29  Assimilator  
  15  0:36  Probe  
  16  0:45  Gateway  
  16  0:48  Probe  
  17  0:56  Assimilator  
  17  1:00  Probe  
  18  1:11  Probe  
  18  1:17  Pylon  
  19  1:19  Probe  
  20  1:27  Probe  
  21  1:39  Probe  
  22  1:40  Cybernetics Core  
  22  1:51  Probe  
  23  2:00  Pylon  
  23  2:03  Probe  
  24  2:15  Probe  
  25  2:27  Probe  
  26  2:30  Stargate  
  26  2:31  Stargate  
  26  2:37  Shield Battery  
  26  2:39  Probe  
  26  2:42  Assimilator  
  27  2:48  Shield Battery  
  26  2:59  Forge  
  26  3:03  Shield Battery  
  26  3:04  Probe  
  27  3:16  Probe  
  32  3:21  Pylon  
  32  3:22  Void Ray  
  32  3:28  Probe  
  33  3:43  Void Ray  
  33  3:45  Photon Cannon  
  37  4:08  Nexus  
  37  4:19  Protoss Shields Level 1  
  37  4:22  Assimilator  
  37  4:28  Probe  
  38  4:36  Probe  
  38  4:44  Probe  
  40  4:55  Probe  
  40  4:56  Protoss Air Weapons Level 1  
  40  4:57  Robotics Facility  
  41  5:07  Probe  
  46  5:15  Void Ray  
  46  5:16  Pylon  
  46  5:17  Probe  
  46  5:18  Probe  
  48  5:25  Probe  
  48  5:26  Probe  
  48  5:34  Probe x2  
  50  5:38  Pylon  
  52  5:45  Observer, Probe  
  52  5:46  Probe  
  55  5:58  Probe  
  55  6:03  Observer  
  57  6:10  Probe  
  58  6:21  Warp Prism  
  68  6:34  Void Ray x2  
  68  6:35  Stargate  
  68  6:37  Pylon  
  68  6:38  Probe  
  69  6:42  Pylon  
  69  6:50  Probe  
  70  6:55  Protoss Air Armor Level 1  
  82  7:23  Void Ray x2  
  82  7:25  Void Ray  
  82  7:38  Nexus  
  82  7:45  Probe, Pylon  
  95  8:06  Void Ray x2  
  95  8:09  Void Ray  
Show
View Real Time Build Order
Export as new Build Order

Sindyr Protoss - Winner!

Build Orders: Double Forge, Zealot Archon 

Get SALT Encoding   

  12  0:01  Probe  
  13  0:15  Pylon, Probe  
  14  0:23  Probe  
  15  0:37  Gateway  
  15  0:41  Probe  
  16  0:48  Assimilator  
  16  0:53  Probe  
  17  1:05  Probe  
  18  1:14  Probe  
  19  1:22  Probe  
  19  1:30  Cybernetics Core  
  20  1:45  Nexus  
  20  1:47  Warp Gate  
  20  1:51  Pylon  
  20  1:56  Probe  
  21  2:01  Assimilator  
  21  2:08  Probe  
  22  2:13  Adept  
  24  2:20  Probe  
  25  2:32  Probe  
  25  2:33  Pylon  
  26  2:44  Robotics Facility, Probe  
  27  2:59  Probe x2  
  29  3:11  Probe x2  
  31  3:17  Gateway  
  31  3:23  Probe  
  31  3:26  Forge  
  32  3:29  Forge  
  32  3:32  Observer  
  33  3:38  Probe x2  
  35  3:45  Assimilator  
  35  3:47  Assimilator  
  35  3:50  Probe x2  
  35  3:52  Stalker  
  39  4:02  Probe  
  40  4:05  Probe  
  40  4:09  Protoss Ground Weapons Level 1  
  41  4:12  Probe, Protoss Shields Level 1  
  41  4:13  Probe  
  42  4:20  Probe  
  42  4:21  Probe  
  43  4:29  Probe  
  45  4:31  Probe  
  47  4:43  Nexus  
  47  4:45  Pylon  
  47  4:51  Probe x2  
  49  4:56  Stalker  
  49  4:57  Stalker  
  53  5:03  Probe x2  
  55  5:07  Twilight Council  
  55  5:11  Pylon  
  55  5:15  Probe x2  
  57  5:25  Photon Cannon  
  57  5:27  Photon Cannon  
  57  5:32  Pylon  
  57  5:42  Observer  
  58  5:56  Gateway  
  58  5:58  Gateway  
  58  5:59  Gateway  
  58  6:00  Gateway  
  58  6:02  Templar Archives  
  58  6:04  Charge  
  58  6:11  Protoss Ground Weapons Level 2  
  58  6:14  Protoss Shields Level 2  
  58  6:15  Probe x2  
  58  6:16  Probe  
  57  6:23  Probe x2  
  57  6:24  Probe  
  60  6:32  Photon Cannon  
  63  6:33  Probe x3  
  63  6:35  Photon Cannon  
  63  6:37  Assimilator  
  66  6:40  Pylon, Assimilator  
  66  6:45  Probe x3  
  69  6:57  Probe x3  
  69  7:00  Pylon  
  72  7:03  Pylon  
  72  7:09  Probe x3  
  75  7:16  Gateway  
  75  7:20  Gateway  
  75  7:21  Probe, Pylon  
  76  7:31  Photon Cannon  
  76  7:33  Pylon  
  76  7:34  Photon Cannon  
  76  7:37  Pylon  
  76  7:38  Photon Cannon  
  76  7:40  Pylon  
  76  7:44  High Templar  
  76  7:45  High Templar x5  
  76  7:50  Archon x3  
  88  8:27  High Templar x8, Nexus  
  89  8:31  Archon x4  
  87  9:05  High Templar x4  
  87  9:09  Zealot  
  97  9:10  Zealot x3  
  97  9:12  Archon x2  
Tags
 
Composition
Zealot Archon
Matchup
PvP
Replay Pack
Multiplayer
Spawn Locations
Close Positions
Add a new tag
Caveats
  • Supply blocks, unpowered buildings, or Contaminate may cause inaccurate times.
  • Supply counts are checked every 10 seconds.